Map: 트라이튼 - 래더

Players

TSGSolar (Solar) - Winner!

  • Race: Zerg Zerg
  • League: Diamond
  • Spawn Location: 5:00

llllllllllll (Oliveira)

  • Race: Terran Terran
  • League: Master
  • Spawn Location: 11:00

Event: HomeStory Cup XX

VOD

Have the link to the VOD?

Description

Time

  • Played on: Nov. 21, 2019, 5:23 a.m.
  • Length: 16:01

All games in this series

Show
View Real Time Build Order
Export as new Build Order

TSGSolar Zerg - Winner!

Build Orders: Hatch First, Lurkers, Roach Hydra, Ravager All-In 

Get SALT Encoding   

  12  0:01  Drone  
  13  0:12  Overlord  
  13  0:16  Drone  
  14  0:31  Drone x2  
  16  0:47  Hatchery  
  15  0:51  Drone  
  15  0:54  Drone  
  17  0:57  Drone  
  18  1:09  Extractor  
  17  1:13  Spawning Pool  
  17  1:16  Drone  
  17  1:19  Drone  
  18  1:30  Drone  
  19  1:40  Drone  
  20  1:49  Overlord  
  20  2:00  Zergling x2, Queen x2  
  20  2:01  Zergling x2  
  26  2:12  Drone x2  
  28  2:23  Hatchery  
  28  2:25  Drone  
  28  2:29  Drone  
  29  2:37  Queen  
  31  2:46  Drone, Roach Warren  
  31  2:51  Drone  
  32  2:56  Overlord  
  32  2:58  Drone  
  32  3:01  Drone  
  32  3:03  Drone  
  35  3:09  Overlord  
  35  3:27  Roach x5  
  35  3:30  Roach  
  47  3:36  Roach  
  47  3:38  Overlord  
  49  3:49  Drone  
  49  3:55  Drone x7  
  57  4:01  Overlord  
  57  4:03  Drone x2  
  59  4:11  Drone  
  59  4:12  Drone  
  59  4:14  Ravager x2  
  59  4:15  Overlord  
  63  4:19  Drone x2  
  63  4:20  Drone x2, Roach  
  63  4:22  Drone x2  
  69  4:27  Zergling x4  
  69  4:28  Overlord  
  69  4:30  Drone  
  72  4:33  Ravager  
  72  4:34  Drone  
  72  4:36  Drone x2  
  72  4:37  Drone  
  75  4:39  Drone  
  75  4:45  Drone  
  74  4:46  Ravager  
  74  4:48  Overlord  
  74  4:50  Overlord  
  75  4:54  Ravager  
  75  4:55  Drone  
  75  4:57  Overlord  
  75  4:59  Drone  
  75  5:01  Extractor  
  75  5:02  Extractor, Queen  
  75  5:03  Queen  
  78  5:07  Drone x2  
  78  5:08  Lair, Drone  
  80  5:20  Drone  
  81  5:24  Drone x7  
  88  5:30  Overlord  
  83  5:36  Roach  
  83  5:37  Roach  
  83  5:39  Roach  
  86  5:46  Roach x2  
  86  5:47  Drone x5  
  86  5:48  Drone x2  
  91  5:50  Roach  
  91  5:51  Roach  
  91  5:55  Extractor  
  91  5:56  Extractor  
  90  5:57  Extractor  
  90  6:00  Drone, Overlord  
  90  6:01  Drone  
  91  6:05  Glial Reconstitution  
  91  6:06  Evolution Chamber  
  91  6:07  Drone x3, Evolution Chamber  
  91  6:09  Overlord  
  92  6:13  Drone  
  92  6:17  Overlord  
  93  6:19  Roach x3  
  93  6:21  Roach x2  
  93  6:25  Drone x3  
  106  6:28  Overlord  
  106  6:29  Spore Crawler  
  106  6:30  Hatchery  
  104  6:33  Roach x2  
  104  6:36  Zerg Ground Armor Level 1  
  104  6:38  Zerg Missile Weapons Level 1  
  104  6:39  Overlord  
  108  6:42  Roach x3  
  108  6:46  Overlord  
  114  6:48  Roach x3  
  114  6:50  Overlord  
  114  6:52  Drone  
  121  6:56  Hydralisk Den  
  121  6:58  Drone  
  121  6:59  Drone  
  121  7:00  Infestation Pit  
  122  7:01  Drone x2  
  122  7:04  Extractor  
  122  7:06  Drone x2  
  122  7:07  Extractor, Drone  
  122  7:13  Drone x3  
  122  7:14  Drone x4  
  129  7:26  Grooved Spines, Hydralisk x6  
  141  7:32  Hydralisk  
  143  7:39  Hive  
  143  7:41  Queen  
  145  7:45  Overlord  
  145  7:47  Hydralisk x4  
  153  7:55  Roach  
  153  7:56  Roach x5  
  153  7:57  Roach  
  167  8:01  Hydralisk  
  159  8:07  Overlord x3  
  152  8:13  Hydralisk x2  
  152  8:14  Hydralisk x3  
  152  8:16  Drone x2  
  152  8:17  Drone  
  152  8:18  Drone  
  152  8:19  Drone  
  165  8:21  Drone x2  
  167  8:37  Muscular Augments  
  167  8:40  Drone  
  167  8:41  Lurker Den, Hydralisk x3  
  168  8:44  Zerg Missile Weapons Level 2  
  168  8:45  Hatchery  
  168  8:47  Zerg Ground Armor Level 2  
  172  9:00  Viper  
  172  9:01  Hatchery  
  172  9:10  Viper  
  172  9:16  Hydralisk x4  
  183  9:18  Extractor  
  183  9:21  Hydralisk x2  
  183  9:22  Extractor  
  185  9:26  Drone x4  
  189  9:33  Hydralisk x4  
  197  9:42  Adaptive Talons  
  197  9:43  Hydralisk  
  199  9:49  Spine Crawler  
  198  10:03  Roach x3  
  200  10:10  Hydralisk  
  198  10:20  Lurker x2  
  198  10:21  Seismic Spines  
  200  10:23  Pneumatized Carapace  
  200  10:37  Hydralisk  
  200  10:38  Hydralisk x2  
  197  10:50  Lurker x3  
  192  11:05  Hydralisk x4  
  192  11:09  Zerg Ground Armor Level 3, Zerg Missile Weapons Level 3  
  196  11:13  Spore Crawler  
  194  11:26  Lurker x7  
  194  11:31  Overseer  
  200  11:37  Nydus Network  
  199  12:02  Hatchery  
  199  12:05  Hydralisk x4  
  200  12:19  Hydralisk x3  
  200  12:20  Hydralisk  
  195  12:38  Hydralisk x2  
  199  12:49  Hydralisk x2  
  200  12:55  Hydralisk  
  200  13:03  Hydralisk x4  
  199  13:17  Lurker  
  189  13:20  Extractor, Hydralisk x6  
  189  13:23  Overlord x2  
  189  13:24  Extractor, Hydralisk x4  
  195  13:30  Hydralisk x4  
  198  13:35  Hydralisk  
  198  13:36  Hydralisk  
  198  13:41  Roach  
  200  13:42  Lair  
  200  13:43  Roach  
  200  13:44  Roach  
  189  13:49  Hydralisk x7  
  192  13:55  Hydralisk x5  
  192  14:02  Hatchery  
  193  14:10  Hydralisk x4  
  193  14:15  Hatchery  
  192  14:17  Lurker x3  
  192  14:18  Lurker x4  
  192  14:19  Hatchery, Lurker  
  192  14:20  Lurker  
  200  14:24  Extractor  
  199  14:35  Spore Crawler  
  196  14:39  Hydralisk x2  
  194  14:53  Hydralisk x3  
  194  14:57  Hydralisk x10  
  196  15:01  Hydralisk x3  
  200  15:16  Spire  
  199  15:23  Drone  
  199  15:24  Drone  
  199  15:25  Drone  
  194  15:28  Drone  
  194  15:29  Drone x2  
  194  15:30  Drone  
  194  15:33  Nydus Canal  
Show
View Real Time Build Order
Export as new Build Order

llllllllllll Terran 

Build Orders: Reaper Expand 

Get SALT Encoding   

  12  0:00  SCV  
  13  0:13  SCV  
  14  0:17  Supply Depot  
  14  0:25  SCV  
  15  0:39  SCV  
  15  0:41  Barracks  
  16  0:43  Refinery  
  16  0:51  SCV  
  17  1:03  SCV  
  18  1:15  SCV  
  19  1:28  Reaper  
  19  1:29  Orbital Command  
  20  1:40  Command Center  
  20  1:48  Supply Depot  
  20  1:54  SCV  
  20  2:00  Marine  
  22  2:06  SCV  
  23  2:09  Factory  
  23  2:18  SCV  
  23  2:20  Barracks Reactor  
  24  2:30  SCV  
  25  2:42  Command Center, SCV  
  26  2:52  Orbital Command  
  26  2:55  Barracks  
  26  2:56  SCV  
  27  3:07  Barracks Tech Lab  
  27  3:10  Hellion x2  
  32  3:12  SCV  
  32  3:18  SCV  
  33  3:21  Refinery  
  33  3:25  SCV  
  34  3:30  Marine, Stimpack, SCV  
  36  3:37  SCV  
  37  3:42  SCV  
  37  3:45  Starport  
  38  3:48  Marine x2  
  38  3:49  Marine, SCV  
  38  3:54  SCV  
  38  3:55  Factory Tech Lab  
  43  3:58  Bunker  
  43  4:02  Supply Depot  
  43  4:03  Orbital Command  
  43  4:06  Marine  
  43  4:07  Marine  
  45  4:11  Marauder  
  45  4:16  SCV x2  
  49  4:21  Siege Tank  
  49  4:24  Marine  
  52  4:25  Marine, Supply Depot  
  52  4:28  SCV  
  52  4:30  SCV  
  56  4:32  Marine  
  56  4:33  SCV  
  50  4:40  SCV  
  50  4:42  Marine  
  50  4:43  Marine  
  53  4:46  SCV  
  53  4:48  Starport Reactor, SCV  
  53  4:50  Marine  
  56  4:52  SCV  
  56  4:58  SCV  
  56  4:59  Marine  
  55  5:00  Marine, SCV  
  55  5:04  Supply Depot x2  
  58  5:07  SCV  
  58  5:08  Marine  
  58  5:11  Combat Shield  
  60  5:16  Orbital Command  
  60  5:17  Marine  
  60  5:19  Marine  
  60  5:21  SCV  
  60  5:22  Engineering Bay  
  60  5:24  SCV  
  60  5:25  Marine  
  60  5:27  Refinery, Engineering Bay  
  60  5:28  Engineering Bay  
  62  5:31  Siege Tank  
  62  5:33  SCV  
  62  5:35  Marine  
  67  5:36  Marine, Medivac, SCV  
  67  5:42  SCV  
  72  5:43  Marine  
  72  5:45  SCV  
  72  5:48  SCV  
  75  5:53  Marine, Refinery  
  75  5:54  SCV  
  75  5:56  Supply Depot  
  77  5:58  Supply Depot  
  77  5:59  Terran Infantry Weapons Level 1  
  77  6:00  Supply Depot  
  77  6:07  Barracks  
  77  6:09  Barracks  
  77  6:13  Barracks  
  77  6:17  Marine x2, Siege Tank, SCV x3  
  85  6:19  Marine  
  85  6:21  Supply Depot  
  86  6:28  Supply Depot  
  86  6:29  SCV x3  
  89  6:35  Marine  
  89  6:36  Armory  
  89  6:37  Supply Depot  
  89  6:39  Marine, Medivac  
  93  6:41  SCV  
  93  6:42  SCV x2  
  93  6:46  Marine, Medivac  
  98  6:50  Refinery  
  98  6:52  Refinery  
  98  6:53  Supply Depot  
  98  6:54  Marine, SCV x3  
  102  6:56  Barracks Reactor x2  
  103  7:02  Barracks Reactor  
  103  7:04  Marine  
  103  7:06  SCV x3  
  107  7:09  Marine  
  107  7:15  Siege Tank  
  111  7:16  Marine  
  111  7:18  Command Center, SCV x3  
  111  7:22  Marine  
  116  7:25  Supply Depot  
  116  7:27  Marine  
  116  7:28  Medivac  
  121  7:30  SCV x3  
  121  7:32  Terran Infantry Armor Level 1  
  121  7:33  Supply Depot  
  121  7:34  Marine  
  121  7:36  Marine x2  
  121  7:37  Marine x2, Supply Depot  
  124  7:39  Marine, Supply Depot  
  124  7:41  Medivac  
  124  7:42  SCV  
  124  7:44  Marine  
  131  7:46  Supply Depot  
  131  7:47  Terran Vehicle Weapons Level 1  
  131  7:48  Marine  
  131  7:49  Marine  
  131  7:51  Factory, Supply Depot  
  134  7:52  Marine  
  134  7:54  Marine  
  136  8:00  Marine x2  
  136  8:05  Marine  
  130  8:06  Siege Tank  
  130  8:07  Marine  
  130  8:08  Medivac  
  130  8:09  Marine x2, SCV  
  130  8:12  Marauder  
  140  8:16  Marine, SCV  
  140  8:17  Terran Infantry Weapons Level 2, SCV  
  140  8:19  Marine x2  
  143  8:20  Marine  
  143  8:23  Marine  
  143  8:24  Medivac  
  143  8:25  SCV  
  143  8:26  Marine x2  
  140  8:33  SCV  
  141  8:34  SCV  
  141  8:35  Marine  
  141  8:36  Factory Tech Lab  
  141  8:40  Marine x2  
  145  8:42  Marine x2, Marauder  
  145  8:43  Marine  
  145  8:44  Barracks x2  
  145  8:47  Barracks  
  145  8:48  Siege Tank  
  153  8:54  Marine  
  153  8:55  Marine  
  155  8:56  Siege Tank  
  155  8:57  Marine  
  155  8:58  SCV x2  
  155  8:59  Liberator x2  
  155  9:02  Planetary Fortress  
  160  9:04  Marine x2  
  160  9:05  Marine  
  160  9:07  Marine  
  163  9:10  SCV x2  
  163  9:12  SCV  
  163  9:13  Marine x2  
  174  9:17  Marine  
  174  9:18  Supply Depot  
  174  9:23  Marine x2  
  177  9:26  Sensor Tower  
  177  9:27  Marine x2  
  177  9:28  SCV  
  177  9:30  Siege Tank  
  177  9:31  Refinery x2, Marauder  
  185  9:32  Barracks Tech Lab  
  185  9:34  Barracks Tech Lab  
  185  9:35  Marine  
  185  9:36  Marine  
  185  9:37  Barracks Tech Lab  
  186  9:42  Marine x2  
  188  9:45  Command Center  
  188  9:46  Marine x2  
  188  9:48  Terran Infantry Armor Level 2  
  188  9:49  Marine x2  
  188  9:52  Marauder  
  194  9:53  Marine  
  194  9:59  Starport  
  192  10:03  Marine x3  
  192  10:04  Marauder x2  
  192  10:06  Marine x2  
  200  10:11  Marine  
  194  10:14  Terran Vehicle Weapons Level 2  
  194  10:15  Marine x2  
  194  10:16  Marauder x2  
  200  10:26  Marine  
  197  10:38  Terran Infantry Weapons Level 3  
  197  10:39  Marine x2  
  197  10:40  Marine x2, Marauder  
  194  10:42  Starport Reactor  
  194  10:44  Marine  
  194  10:45  Marauder, Fusion Core  
  194  10:49  Marine, Marauder  
  200  10:50  Liberator x2  
  197  11:02  Liberator  
  188  11:05  Marine x2  
  188  11:06  Marauder  
  188  11:09  Command Center  
  188  11:10  Liberator, Siege Tank  
  198  11:13  Concussive Shells  
  198  11:16  Refinery  
  198  11:18  Refinery  
  193  11:23  Planetary Fortress  
  196  11:31  Advanced Ballistics  
  199  12:03  Liberator x2  
  199  12:10  Liberator  
  199  12:20  Marine  
  199  12:21  Marine  
  199  12:22  Marauder  
  199  12:23  Liberator  
  199  12:25  Marine x2  
  199  12:26  Marauder  
  199  12:27  Marine x2  
  199  12:28  Marauder  
  197  12:37  Marine  
  197  12:38  Marauder  
  195  12:44  Marine x2  
  195  12:45  Marauder, Liberator  
  195  12:46  Marine  
  195  12:51  Marine  
  194  13:00  SCV  
  194  13:03  Marine x2  
  194  13:04  Command Center  
  194  13:13  Liberator  
  194  13:15  Command Center  
  194  13:16  Supply Depot x2  
  189  13:20  Liberator x2  
  175  13:28  Liberator  
  175  13:30  SCV  
  175  13:31  Marine  
  175  13:32  Marauder, Marine  
  175  13:33  Marauder  
  171  13:34  Marine  
  171  13:35  Marine  
  171  13:36  Marine x2, Marauder  
  171  13:37  Siege Tank  
  171  13:38  Marauder  
  172  13:44  Marine x2, SCV  
  175  13:49  Marine  
  175  13:53  Marauder  
  175  13:54  Marauder  
  161  13:56  Liberator  
  161  13:57  Marine x3, Marauder  
  161  13:59  Marine x2, Marauder  
  161  14:02  Marine, Terran Vehicle And Ship Armor Level 1  
  164  14:03  Liberator x2  
  164  14:04  SCV  
  164  14:05  SCV  
  164  14:07  Marine x2  
  149  14:11  Liberator, Siege Tank  
  149  14:13  SCV  
  149  14:14  Marine  
  149  14:15  Marine, Marauder x2  
  153  14:18  Marine  
  153  14:19  Marine, Marauder  
  153  14:20  Marauder  
  153  14:23  Marine x2  
  167  14:26  Orbital Command  
  170  14:36  Marauder  
  172  14:39  Liberator  
  166  14:46  Liberator x2  
  166  14:47  Ghost Academy  
  166  14:50  Marauder x2, Siege Tank  
  168  14:54  Marine, Liberator  
  168  14:57  Marine x2, Marauder  
  151  15:11  Marine x2  
  154  15:19  Ghost x2  
  145  15:28  Ghost x2  
  107  15:39  SCV  
  107  15:41  SCV  
  112  15:43  SCV  
Tags
 
Add a new tag
Caveats
  • Supply blocks, unpowered buildings, or Contaminate may cause inaccurate times.
  • Supply counts are checked every 10 seconds.